 Dungeon Crawl Stone Soup version 0.29.1-15-g9cfb28693d (webtiles) character file.

Game seed: 5475273867173958088

50 javelincjr the Conjurer (level 3, -11/21 HPs)
             Began as an Octopode Conjurer on Apr 26, 2023.
             Mangled by an iguana (12 damage)
             ... on level 3 of the Dungeon.
             The game lasted 00:04:08 (2520 turns).

javelincjr the Conjurer (Octopode Conjurer)         Turns: 2520, Time: 00:04:08

Health: -11/21     AC:  1    Str:  8    XL:     3   Next: 79%
Magic:  6/6        EV: 17    Int: 20    God:
Gold:   117        SH:  0    Dex: 10    Spells: 4/7 levels left

rFire   . . .      SeeInvis .   j - +2 dagger (flame)
rCold   . . .      Faith    .   (no shield)
rNeg    . . .      Spirit   .   (helmet restricted)
rPois   .          Reflect  .   (no amulet)
rElec   .          Harm     .   l - +4 ring of evasion
rCorr   .          Rampage  .   (no ring)
Will    .....                   (no ring)
Stlth   +++.......              (no ring)
HPRegen 0.07/turn               (no ring)
MPRegen 0.10/turn               (no ring)
                                (no ring)
                                (no ring)

@: no status effects
A: almost no armour, amphibious, 8 rings, camouflage 1, gelatinous body 1,
(nimble swimmer 1), tentacles
a: no special abilities


You were on level 3 of the Dungeon.
You visited 1 branch of the dungeon, and saw 3 of its levels.

You collected 117 gold pieces.

Inventory:

Hand Weapons
 j - a +2 dagger of flaming (weapon)
Jewellery
 l - a +4 ring of evasion (left tentacle)
Scrolls
 c - a scroll of blinking {unknown}
 d - 4 scrolls of identify {unknown}
 e - a scroll of poison {unknown}
 f - a scroll of brand weapon {unknown}
 g - a scroll of amnesia {unknown}
 h - a scroll of teleportation {unknown}
 m - a scroll of enchant weapon {unknown}
Potions
 a - a potion of magic
 b - 3 potions of heal wounds {unknown}
 i - a potion of curing {unknown}
 k - a potion of cancellation {unknown}
 n - a potion of invisibility {unknown}


   Skills:
 + Level 2.6 Dodging
 + Level 3.7 Stealth
 + Level 2.5 Spellcasting
 + Level 4.3 Conjurations


You had 4 spell levels left.
You knew the following spells:

 Your Spells              Type           Power      Damage    Failure   Level
a - Magic Dart            Conj           76%        1d6       2%          1
b - Searing Ray           Conj           38%        2d5       3%          2

Your spell library contained the following spells:

 Spells                   Type           Power      Damage    Failure   Level
 Dazzling Flash           Conj/Hex       22%        N/A       19%         3
 Gell's Gravitas          Tloc           2%         N/A       41%         3
 Lesser Beckoning         Tloc           2%         N/A       41%         3
 Teleport Other           Tloc           2%         N/A       41%         3
 Fulminant Prism          Conj/Hex       5%         3d7       52%         4
 Iskenderun's Mystic Bla  Conj/Tloc      11%        2d4       52%         4


Dungeon Overview and Level Annotations

Branches:
Dungeon (3/15)

Altars:
Dithmenos

Shops:
D:2 ?


Innate Abilities, Weirdness & Mutations

You cannot wear most types of armour.
You are amphibious.
You can wear up to eight rings at the same time.
Your skin changes colour to match your surroundings (Stealth+).
Your rubbery body absorbs attacks. (AC +1, EV +1)
((You are camouflaged when in or above water. (Stealth+)))
You have tentacles for arms and can constrict up to eight enemies at once.


Message History

You see here a smoky white potion.
The helpless kobold fails to defend itself.
You puncture the kobold! You burn the kobold.
You kill the kobold!
No target in view!
n - a smoky white potion
Found a robe.
Things that are here:
a +0 dagger; a kobold corpse You see here a +0 robe.
d - 4 scrolls labelled EHEATS NAANUSM (gained 1)
You see here a +0 robe.
Things that are here:
a +0 dagger; a kobold corpse An iguana comes into view.
No target in view!
No target in view!
Unknown command.
Found a rapier.
Found a robe and a scroll labelled NOUCVE TOIRE.
The helpless orc fails to defend itself.
You puncture the orc! You burn the orc.
You kill the orc!
You see here a +0 club.
The iguana hisses angrily.
You see here a +0 rapier.
You barely miss the iguana. You grab the iguana.
You constrict the iguana, but do no damage.
The iguana bites you!
You hit the iguana but do no damage.
You constrict the iguana, but do no damage.
The iguana bites you!
Ouch! That really hurt!
* * * LOW HITPOINT WARNING * * *
You hit the iguana. You burn the iguana. You squeeze the iguana.
The iguana is heavily wounded.
You constrict the iguana, but do no damage.
The iguana bites you!
Ouch! That really hurt!
You die...

#### .... #..§ §§..§
§§§§§§§## §§...§§§###
.§§.......[##
§..._.§l@...# #.
§§....§§§.).# #.#
§§§...§§§##.# ##.#
#§..§§§.## .# .#.#
##§.§§§## .. .#.#
##.§§## ###
...#######....########
...................).#
....################.#


You could see an iguana.

Vanquished Creatures
  A dart slug (D:2)
  An orc (D:3)
  A ball python (D:2)
  4 bats
  4 endoplasms
  4 giant cockroaches (D:2)
  5 goblins
  5 hobgoblins
  7 kobolds
  3 quokkas
  A frilled lizard (D:2)
  5 rats
41 creatures vanquished.

Notes
Turn   | Place    | Note
-------+----------+-------------------------------------------
     0 | D:1      | javelincjr the Octopode Conjurer began the quest for the
                  | Orb.
     0 | D:1      | Reached XP level 1. HP: 11/11 MP: 3/3
   385 | D:1      | Reached XP level 2. HP: 17/17 MP: 0/5
  1494 | D:2      | Reached XP level 3. HP: 21/21 MP: 3/6
  1618 | D:2      | Found Pegh's Magic Scroll Emporium.
  2439 | D:3      | Learned a level 2 spell: Searing Ray
  2473 | D:3      | Found a shadowy altar of Dithmenos.
  2519 | D:3      | HP: 1/21 [iguana (11)]
  2520 | D:3      | Mangled by an iguana

Illustrated notes

Levels and vault maps discovered:
D:1:      eino_arrival_cavern_e, layout_loops_ring
D:2:      layout_loops_cross, serial_shops, shop,
          amcnicky_mini_rare_corridor_liquid, roderic_roman_lattice
D:3:      layout_basic, fiery_altar_vehumet, nicolae_dithmenos_the_darkroom,
          chequers_garden, minmay_between

Skill      XL: |  1 |
---------------+----+-----
Stealth        | 3 |  3.7
Dodging        | |  2.6
Spellcasting   | |  2.5
Conjurations   | |  4.3

Action                   || total
-------------------------++-------
Melee: Unarmed           ||    33
       Constrict         ||    13
       Tentacles         ||    10
       Dagger            ||    19
 Cast: Magic Dart        ||    50
 Stab: Sleeping          ||    11
Armor: Skin              ||     4
Dodge: Dodged            ||    25
